 Dungeon Crawl Stone Soup version 0.30-a0-779-g7971cf19c3 (webtiles) character file.

Game seed: 4209155298648208239

5059 Octodad the Transmogrifier (level 10, -8/81 HPs)
             Began as an Octopode Transmuter on Feb 18, 2023.
             Was a Believer of Cheibriados.
             Mangled by an orc warrior
             ... wielding a +0 trident
              (12 damage)
             ... on level 8 of the Dungeon.
             The game lasted 00:29:53 (6877 turns).

Octodad the Transmogrifier (Octopode Transmuter)    Turns: 6877, Time: 00:29:54

Health: -8/81      AC:  8    Str: 16    XL:     10   Next: 56%
Magic:  10/13      EV: 18    Int: 24    God:    Cheibriados [**....]
Gold:   319        SH:  0    Dex: 17    Spells: 6/13 levels left

rFire   x . .      SeeInvis .      - Unarmed
rCold   + + +      Faith    .    (shield currently unavailable)
rNeg    . . .      Spirit   .    (helmet currently unavailable)
rPois   +          Reflect  .    g - amulet of regeneration
rElec   .          Harm     .    b - +5 ring of evasion
rCorr   .          Rampage  .    (no ring)
Will    .....                    (no ring)
Stlth   +++                      (no ring)
HPRegen 1.13/turn                (no ring)
MPRegen 0.13/turn                (no ring)
                                 (no ring)
                                 (no ring)

@: mighty, ice-form, hasted, quick
A: freezing attack, boosted hp, almost no armour, amphibious, 8 rings, large,
(camouflage 1), (gelatinous body 1), (nimble swimmer 1), (tentacles)
a: End Transformation, Renounce Religion, Bend Time


You were on level 8 of the Dungeon.
You worshipped Cheibriados.
Cheibriados was pleased with you.
You were a creature of crystalline ice.
You visited 2 branches of the dungeon, and saw 9 of its levels.

You collected 319 gold pieces.

Inventory:

Hand Weapons
 n - the +3 dagger "Ogrebane" (melded) {flame, rN+}
   (You found it on level 3 of the Dungeon)

   rN:        It protects you from negative energy.
Missiles
 q - 2 throwing nets
Jewellery
 b - a +5 ring of evasion (left front paw)
 g - an amulet of regeneration (around neck)
 m - an amulet of guardian spirit
Wands
 d - a wand of acid (17)
Scrolls
 a - 3 scrolls of vulnerability {unknown}
 c - 7 scrolls of teleportation {unknown}
 e - 4 scrolls of enchant armour {unknown}
 h - 2 scrolls of poison {unknown}
 i - a scroll of immolation {unknown}
 l - 5 scrolls of blinking {unknown}
 p - a scroll of fog {unknown}
 r - 5 scrolls of fear {unknown}
 x - a scroll of torment {unknown}
Potions
 j - a potion of invisibility
 k - a potion of brilliance
 o - a potion of might
 w - 3 potions of magic
Miscellaneous
 s - a piece from Xom's chessboard (15/15)


   Skills:
 + Level 6.1 Fighting
 + Level 6.0 Dodging
 - Level 4.0 Stealth
 * Level 8.1 Unarmed Combat
 - Level 2.0 Spellcasting
 + Level 9.7 Transmutations
 - Level 3.0 Ice Magic


You had 6 spell levels left.
You knew the following spells:

 Your Spells              Type           Power      Damage    Failure   Level
a - Beastly Appendage     Tmut           96%        N/A       1%          1
b - Wereblood             Tmut           48%        N/A       1%          2
c - Ice Form              Ice/Tmut       32%        N/A       9%          4

Your spell library contained the following spells:

 Spells                   Type           Power      Damage    Failure   Level
 Passwall                 Tmut/Erth      20%        N/A       2%          2
 Spider Form              Tmut/Pois      25%        N/A       4%          3
 Ensorcelled Hibernation  Hex/Ice        18%        N/A       10%         2
 Blink                    Tloc           4%         N/A       19%         2
 Swiftness                Air            2%         N/A       34%         3
 Anguish                  Hex/Necr       1%         N/A       75%         4
 Manifold Assault         Tloc           2%         N/A       75%         4
 Storm Form               Tmut/Air       12%        N/A       100%        7


Dungeon Overview and Level Annotations

Branches:
Dungeon (8/15)             Temple (1/1) D:6
   Lair: D:8-11

Altars:
Ashenzari
Cheibriados
Dithmenos
Elyvilon
Fedhas
Gozag
Hepliaklqana
Kikubaaqudgha
Makhleb
Nemelex Xobeh
Okawaru
Qazlal
Ru
Sif Muna
Trog
Uskayaw
Vehumet
Wu Jian
Xom
Yredelemnul
Zin
The Shining One

Shops:
D:5 [

Annotations:
D:4 1 runed translucent door, Crazy Yiuf


Innate Abilities, Weirdness & Mutations

You are a creature of crystalline ice.
You have a powerful freezing melee attack.
Your maximum health is increased.
Your armour is entirely melded.
You are incapable of wielding weapons or throwing items.
You cannot wear most types of armour.
You are amphibious.
You can wear up to eight rings at the same time.
((Your skin changes colour to match your surroundings (Stealth+).))
((Your rubbery body absorbs attacks. (AC +1, EV +1)))
((You are camouflaged when in or above water. (Stealth+)))
((You have tentacles for arms and can constrict up to eight enemies at once.))


Message History

The rime drake misses you.
You pummel the rime drake!! You freeze the rime drake.
You kill the rime drake!
Cheibriados appreciates the change of pace.
The orc priest mumbles some strange prayers to Beogh against you.
Pain shoots through your body!
* * * LOW HITPOINT WARNING * * *
The orc warrior hits you from afar with a +0 trident.
* * * LOW HITPOINT WARNING * * *
Your Dodging skill increases to level 6!
Your Unarmed Combat skill increases to level 8!
You feel better. The ice encasing you melts away.
The orc priest invokes the aid of Beogh against you.
Pain shoots through your body!
* * * LOW HITPOINT WARNING * * *
You feel very mighty all of a sudden. The orc warrior completely misses you.
The ice beast hits you but does no damage.
You hit the ice beast but do no damage. The orc warrior completely misses you.
You punch the orc priest! You freeze the orc priest.
The orc priest is almost dead.
The ice beast misses you.
You punch the orc priest! You freeze the orc priest.
You kill the orc priest!
Cheibriados appreciates the change of pace.
The orc warrior misses you.
You completely miss the orc. The ice beast closely misses you.
You punch the orc! You freeze the orc.
You kill the orc!
Cheibriados thoroughly appreciates the change of pace.
The orc warrior hits you from afar with a +0 trident!
* * * LOW HITPOINT WARNING * * *
You punch the ice beast!
The ice beast is moderately wounded.
The ice beast closely misses you.
You barely miss the ice beast.
The ice beast is moderately wounded.
The orc warrior hits you from afar with a +0 trident!
You die...

.. ...# ........# ..
.....#..# ##.. .....#..##
##..............#
#...............## .
........##......)#####.>.
.####....###....Y)o.~....
## #....##....#YY~..## #
#.........###)..## ##
##......### ..#..# .#
##....## ./..... .#
#...## Y...... .## ##..#
....... .<######..##
#...#.. ..........#
......


You could see an orc warrior and 2 ice beasts.

Vanquished Creatures
  Maggie (D:8)
  A rime drake (D:8)
  Grinder (D:5)
  Prince Ribbit (D:5)
  Sigmund (D:2)
  Eustachio (D:4)
  A wyvern (D:8)
  A steam dragon (D:6)
  Menkaure (D:5)
  A water moccasin (D:6)
  3 black bears
  6 ice beasts
  A sky beast (D:8)
  A wolf (D:8)
  A centaur (D:5)
  An ogre (D:7)
  A phantom (D:4)
  A gnoll sergeant (D:6)
  2 necrophages
  5 bullfrogs
  A kobold brigand (D:6)
  2 scorpions
  4 wights (D:7)
  6 killer bees (D:7)
  A howler monkey (D:8)
  5 hounds
  5 iguanas
  4 orc priests
  2 gnoll boudas
  Ijyb (D:5)
  3 orc wizards
  9 adders
  14 gnolls
  A shadow imp (D:6)
  4 white imps
  An ufetubus (D:5)
  3 worms
  A dart slug (D:4)
  18 orcs
  5 endoplasms
  A giant cockroach (D:4)
  5 goblins
  7 hobgoblins
  10 jackals
  10 kobolds
  2 quokkas
  5 ball pythons
  9 bats
  A frilled lizard (D:2)
  2 rats
174 creatures vanquished.

Vanquished Creatures (others)
  An orc wizard (D:8)
  A plant (D:2)
2 creatures vanquished.

Grand Total: 176 creatures vanquished

Notes
Turn   | Place    | Note
-------+----------+-------------------------------------------
     0 | D:1      | Octodad the Octopode Transmuter began the quest for the
                  | Orb.
     0 | D:1      | Reached XP level 1. HP: 13/13 MP: 3/3
   239 | D:1      | Found a faded altar of an unknown god.
   394 | D:1      | Reached XP level 2. HP: 14/18 MP: 3/5
   403 | D:1      | Learned a level 2 spell: Wereblood
   473 | D:1      | Reached skill level 1 in Ice Magic
   540 | D:1      | Reached XP level 3. HP: 23/23 MP: 3/6
  1164 | D:2      | Reached skill level 3 in Transmutations
  1180 | D:2      | Found a glowing golden altar of the Shining One.
  1402 | D:2      | Noticed Sigmund
  1548 | D:2      | Reached XP level 4. HP: 29/29 MP: 4/7
  1712 | D:2      | Killed Sigmund
  1713 | D:2      | Reached skill level 4 in Transmutations
  1713 | D:2      | Reached XP level 5. HP: 21/36 MP: 8/8
  2129 | D:3      | Reached XP level 6. HP: 41/41 MP: 7/9
  2283 | D:3      | Learned a level 4 spell: Ice Form
  2354 | D:3      | Found a stormy altar of Qazlal.
  2372 | D:3      | Identified the +3 dagger "Ogrebane" {flame, rN+}
  2629 | D:3      | Found a glowing silver altar of Zin.
  2806 | D:4      | Noticed Eustachio
  2852 | D:4      | Killed Eustachio
  2853 | D:4      | Reached skill level 5 in Transmutations
  2853 | D:4      | Reached XP level 7. HP: 30/46 MP: 4/10
  3166 | D:4      | Reached skill level 6 in Transmutations
  3266 | D:4      | Found a sacrificial altar of Ru.
  3328 | D:4      | Found a shimmering altar of Xom.
  3456 | D:4      | Found a basalt altar of Yredelemnul.
  3516 | D:4      | Found a runed translucent door.
  3517 | D:4      | Noticed Crazy Yiuf
  3559 | D:5      | Entered Level 5 of the Dungeon
  3559 | D:5      | Noticed Menkaure
  3571 | D:5      | Killed Menkaure
  3765 | D:5      | Reached XP level 8. HP: 52/52 MP: 6/11
  3815 | D:5      | Noticed Grinder
  3826 | D:5      | Killed Grinder
  3827 | D:5      | Reached skill level 7 in Transmutations
  3957 | D:5      | Found Juzedije's Antique Armour Boutique.
  3988 | D:5      | Noticed Ijyb
  3996 | D:5      | Killed Ijyb
  3996 | D:5      | Noticed Prince Ribbit
  4015 | D:5      | Killed Prince Ribbit
  4016 | D:5      | Reached skill level 5 in Unarmed Combat
  4620 | D:5      | Reached XP level 9. HP: 59/59 MP: 8/12
  4696 | D:5      | Reached skill level 8 in Transmutations
  5053 | D:6      | Reached skill level 5 in Fighting
  5174 | D:6      | Found a staircase to the Ecumenical Temple.
  5193 | Temple   | Entered the Ecumenical Temple
  5313 | Temple   | Became a worshipper of Cheibriados the Contemplative
  5417 | D:6      | Reached skill level 9 in Transmutations
  5686 | D:6      | Reached skill level 1 in Stealth
  5823 | D:7      | Reached skill level 5 in Dodging
  5982 | D:7      | Found an opulent altar of Gozag.
  6141 | D:7      | Reached * piety under Cheibriados
  6154 | D:7      | Reached XP level 10. HP: 63/66 MP: 10/13
  6689 | D:8      | Reached ** piety under Cheibriados
  6831 | D:8      | Noticed Maggie
  6860 | D:8      | Killed Maggie
  6875 | D:8      | HP: 3/81 [orc warrior/+0 trident (7)]
  6877 | D:8      | Mangled by an orc warrior

Illustrated notes

Levels and vault maps discovered:
D:1:      dpeg_arrival_windows_large_door, layout_basic,
          hellmonk_ecumenical_altar_zigzags
D:2:      layout_loops_ring, basic_altar, serial_bayou_pond_b, uniq_sigmund
D:3:      layout_rooms, mainiacjoe_overflow_brackets, zin_academy,
          chequers_garden
D:4:      layout_loops_ring, marbit_many_paths, nicolae_ru_the_path_less_chosen,
          xom_butterflies, uniq_eustachio, uniq_crazy_yiuf_cottage
D:5:      layout_gridville, serial_shops, kennysheep_mini_moat,
          hangedman_decor_growths, minivault_14, uniq_grinder, uniq_menkaure,
          uniq_ijyb, uniq_prince_ribbit1
D:6:      layout_cave_pools, minmay_temple_entry_large_hall
D:7:      layout_loops_ring, mainiacjoe_overflow_24_doors, serial_glass,
          glass_columns_b, glass_columns_b, glass_columns_a, glass_columns_a
D:8:      layout_layer_cave, hellmonk_lair_entry_icy, uniq_maggie
Temple:   kb_temple_of_zot

Skill      XL: |  1  2  3  4  5  6  7  8  9 10 |
---------------+-------------------------------+-----
Ice Magic      | 1 2 3 |  3.0
Transmutations | 3 4 5 6 7 9 |  9.7
Fighting       | 2 3 4 5 6 |  6.1
Unarmed Combat | 4 5 6 8 |  8.1
Dodging        | 3 5 6 |  6.0
Stealth        | 2 4 |  4.0
Spellcasting   | |  2.0

Action                     |  1- 3 |  4- 6 |  7- 9 | 10-12 || total
---------------------------+-------+-------+-------+-------++-------
  Melee: Unarmed           |    95 |    35 |   213 |   108 ||   451
         Constrict         |    21 |    13 |    12 |       ||    46
         Tentacles         |    13 |    16 |     9 |       ||    38
         Kick              |     3 |       |       |       ||     3
         Punch             |     4 |     1 |     1 |       ||     6
         Dagger            |       |    41 |    47 |       ||    88
   Cast: Beastly Appendage |     5 |       |       |       ||     5
         Wereblood         |    14 |    12 |     5 |       ||    31
         Ice Form          |       |     2 |    29 |     6 ||    37
  Evoke: Wand              |       |    15 |       |       ||    15
    Use: Potion            |       |     3 |       |     5 ||     8
         Scroll            |       |       |     4 |     2 ||     6
   Stab: Sleeping          |     2 |       |     1 |     1 ||     4
 Armour: Skin              |    10 |     8 |    63 |    24 ||   105
  Dodge: Dodged            |    80 |    79 |   221 |   118 ||   498

Table legend: (Time is in decaauts)
 A = Elapsed time spent in this place.
 B = Non-inter-level travel time spent in this place.
 C = Inter-level travel time spent in this place.
 D = Time resting spent in this place.
 E = Time spent auto-exploring this place.
 F = Levels seen in this place.
 G = Mean time per level.
                   A        B        C        D        E       F      G
               +--------+--------+--------+--------+--------+-----+--------+
         Total |   7174 |   6901 |    273 |    124 |   5297 |   9 |  797.1 |
       Dungeon |   7026 |   6780 |    246 |    124 |   5297 |   8 |  878.2 |
        Temple |    148 |    122 |     26 |      0 |      0 |   1 |  148.0 |
               +--------+--------+--------+--------+--------+-----+--------+

Top non-repeatable levels by time:
     D:5: 1298 daAuts
     D:1: 1225 daAuts
     D:7: 1060 daAuts
     D:2: 879 daAuts
     D:4: 829 daAuts
     D:6: 793 daAuts
     D:3: 623 daAuts
     D:8: 315 daAuts
  Temple: 148 daAuts
